Workbook

Sheet PO
D1: FNHIS SUB 50
A2: Projeto: | B2: CONSTRUÇÃO DE 20 UNIDADES HABITACIONAIS MCMV, Área toral a construir: 53,86 m²
A3: Data-base: | B3: 45901
A4: Enc sociais: | B4: Com Desoneração
A5: MG
A6: Proponente: | B6: Municipio de Capetinga - MG
A7: Item | B7: Macro-Serviço | C7: SINAPI | D7: Descrição | E7: Und. | F7: Quant. | G7: Preço Unt. (R$) | H7: Preço Unt. Com BDI (R$) | I7: Custo (R$) | J7: Custo (R$) +BDI
A8: CONSTRUÇÃO DE HABITAÇÃO DE INTERESSE SOCIAL - HIS - PADRÃO POPULAR | I8: =SUMIFS(OFFSET($I$8,1,0):$I$223,OFFSET($A$8,1,0):$A$223,"<>"&"-",OFFSET($C$8,1,0):$C$223,"<>"&"") -> 0 | J8: =I8*1.2547 -> 0
A9: 01 | B9: SERVIÇOS PRELIMINARES | I9: =IF($A9="-",0,IF($C9<>"",ROUND(ROUND($F9,2)*$G9,2),SUMIFS($I10:I$223,A10:A$223,$A9&".*",$C10:C$223,"<>"&""))) -> 0 | J9: =I9*1.2547 -> 0
A10: 01.01 | B10: LOCAÇÃO | C10: 99059 | D10: LOCAÇÃO CONVENCIONAL DE OBRA, UTILIZANDO GABARITO DE TÁBUAS CORRIDAS PONTALETADAS A CADA 2,00M - 2 UTILIZAÇÕES. AF_03/2024 | E10: M | F10: =M10*20 -> 766 | M10: 38.3
A11: 01.02 | B11: FORNECIMENTO E INSTALAÇÃO DE PLACA | C11: 103689 | D11: FORNECIMENTO E INSTALAÇÃO DE PLACA DE OBRA COM CHAPA GALVANIZADA E ESTRUTURA DE MADEIRA. AF_03/2022_PS | E11: M2 | F11: =M11*20 -> 6 | M11: 0.3
A12: 01.03 | B12: LIMPEZA | C12: 98525 | D12: LIMPEZA MECANIZADA DE CAMADA VEGETAL, VEGETAÇÃO E PEQUENAS ARVORES ( DIÂMETRO DE TRONCO MENOR QUE 0,20M), COM TRATOR DE ESTEIRAS | E12: M2 | F12: =M12*20 -> 6000 | M12: 300
A13: 01.04 | B13: TERRAPLENAGEM - ESCAVAÇÃO | C13: 90091 | D13: ESCAVAÇÃO MECANIZADA DE VALA COM PROF. ATÉ 1,5 M (MÉDIA MONTANTE E JUSANTE/UMA COMPOSIÇÃO POR TRECHO), ESCAVADEIRA (0,8 M3), LARG. DE 1,5 M A 2,5 M, EM SOLO DE 1A CATEGORIA, LOCAIS COM BAIXO NÍVEL DE INTERFERÊNCIA. AF_09/2024 | E13: M3 | F13: =M13*20 -> 1815 | M13: 90.75
A14: 01.05 | B14: TERRAPLENAGEM - REATERRO | C14: 105559 | D14: EXECUÇÃO E COMPACTAÇÃO DE CORPO DE ATERRO DE ATERRO (95% DE ENERGIA DO PROCTOR NORMAL) COM SOLO PREDOMINANTEMENTE ARGILOSO, EM CAMADAS COM ESPESSURA DE 20 CM - EXCLUSIVE ESCAVAÇÃO, CARGA E TRANSPORTE E SOLO. AF_09/2024 | E14: M3 | F14: =M14*20 -> 1815 | M14: 90.75
A15: 01.06 | B15: ADM LOCAL / CANTEIRO | C15: 10775 | D15: LOCACAO DE CONTAINER 2,30 X 6,00 M PARA OBRA | E15: MÊS | F15: =M15*20 -> 6 | M15: 0.3
A16: 01.07 | B16: ADM LOCAL / ENGENHARIA | C16: 90778 | D16: ENGENHEIRO CIVIL DE OBRA PLENO COM ENCARGOS COMPLEMENTARES (HORISTA) | E16: H | F16: =M16*20 -> 126 | M16: 6.3
A17: 02 | B17: FUNDAÇÕES E CONTENÇÕES | F17: =M17*20 -> 0
A18: 02.01 | B18: FUNDAÇÕES | F18: =M18*20 -> 0
A19: 02.01.01 | B19: RADIER | F19: =M19*20 -> 0
A20: 02.01.01.01 | B20: RADIER | C20: 96521 | D20: ESCAVAÇÃO MECANIZADA PARA BLOCO DE COROAMENTO OU SAPATA COM RETROESCAVADEIRA (INCLUINDO ESCAVAÇÃO PARA COLOCAÇÃO DE FÔRMAS). AF_01/2024 | E20: M3 | F20: =M20*20 -> 250.6 | M20: 12.53
A21: 02.01.01.02 | B21: RADIER | C21: 97083 | D21: COMPACTAÇÃO MECÂNICA DE SOLO PARA EXECUÇÃO DE RADIER, PISO DE CONCRETO OU LAJE SOBRE SOLO, COM COMPACTADOR DE SOLOS A PERCUSSÃO. AF_09/2021 | E21: M2 | F21: =M21*20 -> 1077.2 | M21: 53.86
A22: 02.01.01.03 | B22: RADIER | C22: 97087 | D22: CAMADA SEPARADORA PARA EXECUÇÃO DE RADIER, PISO DE CONCRETO OU LAJE SOBRE SOLO, EM LONA PLÁSTICA. AF_09/2021 | E22: M2 | F22: =M22*20 -> 1077.2 | M22: 53.86
A23: 02.01.01.04 | B23: RADIER | C23: 96622 | D23: LASTRO COM MATERIAL GRANULAR, APLICADO EM PISOS OU LAJES SOBRE SOLO, ESPESSURA DE *5 CM*. AF_01/2024 | E23: M3 | F23: =M23*20 -> 53.8 | M23: 2.69
A24: 02.01.01.05 | B24: RADIER | C24: 97086 | D24: FABRICAÇÃO, MONTAGEM E DESMONTAGEM DE FORMA PARA RADIER, PISO DE CONCRETO OU LAJE SOBRE SOLO, EM MADEIRA SERRADA, 4 UTILIZAÇÕES. AF_09/2021 | E24: M2 | F24: =M24*20 -> 133.4 | M24: 6.67
A25: 02.01.01.06 | B25: RADIER | C25: 92769 | D25: ARMAÇÃO DE LAJE DE ESTRUTURA CONVENCIONAL DE CONCRETO ARMADO UTILIZANDO AÇO CA-50 DE 6,3 MM - MONTAGEM. AF_06/2022 | E25: KG | F25: =M25*20 -> 7240 | M25: 362
A26: 02.01.01.07 | B26: RADIER | C26: 92762 | D26: ARMAÇÃO DE PILAR OU VIGA DE ESTRUTURA CONVENCIONAL DE CONCRETO ARMADO UTILIZANDO AÇO CA-50 DE 10,0 MM - MONTAGEM. AF_06/2022 | E26: KG | F26: =M26*20 -> 572 | M26: 28.6
A27: 02.01.01.08 | B27: RADIER | C27: 92759 | D27: ARMAÇÃO DE PILAR OU VIGA DE ESTRUTURA CONVENCIONAL DE CONCRETO ARMADO UTILIZANDO AÇO CA-60 DE 5,0 MM - MONTAGEM. AF_06/2022 | E27: KG | F27: =M27*20 -> 78 | M27: 3.9
A28: 02.01.01.09 | B28: RADIER | C28: 97096 | D28: CONCRETAGEM DE RADIER, PISO DE CONCRETO OU LAJE SOBRE SOLO, FCK 30 MPA - LANÇAMENTO, ADENSAMENTO E ACABAMENTO. AF_09/2021 | E28: M3 | F28: =M28*20 -> 181.6 | M28: 9.08
A29: 02.01.01.10 | B29: RADIER | C29: 93382 | D29: REATERRO MANUAL DE VALAS, COM COMPACTADOR DE SOLOS DE PERCUSSÃO. AF_08/2023 | E29: M3 | F29: =M29*20 -> 13.6 | M29: 0.68
A30: 02.01.02 | B30: IMPERMEABILIZAÇÃO | F30: =M30*20 -> 0
A31: 02.01.02.01 | B31: IMPERMEABILIZAÇÃO | C31: 98555 | D31: IMPERMEABILIZAÇÃO DE SUPERFÍCIE COM ARGAMASSA POLIMÉRICA / MEMBRANA ACRÍLICA, 3 DEMÃOS. AF_09/2023 | E31: M2 | F31: =M31*20 -> 632.4 | M31: 31.62
A32: 02.01.02.02 | B32: IMPERMEABILIZAÇÃO | C32: 4030_ADP-01 | D32: VEU DE POLIESTER PARA IMPERMEABILIZACAO | E32: M2 | F32: =M32*20 -> 92.4 | M32: 4.62
A33: 03 | B33: SUPRAESTRUTURA | F33: =M33*20 -> 0
A34: 03.01 | B34: PILARES, VIGAS E LAJES | F34: =M34*20 -> 0
A35: 03.01.01 | B35: PILARES, VIGAS E LAJES | C35: 92427 | D35: MONTAGEM E DESMONTAGEM DE FÔRMA DE PILARES RETANGULARES E ESTRUTURAS SIMILARES, PÉ-DIREITO SIMPLES, EM CHAPA DE MADEIRA COMPENSADA RESINADA, 8 UTILIZAÇÕES. AF_09/2020 | E35: M2 | F35: =M35*20 -> 287.8 | M35: 14.39
A36: 03.01.02 | B36: PILARES, VIGAS E LAJES | C36: 92463_ADP-01 | D36: MONTAGEM E DESMONTAGEM DE FÔRMA DE VIGA, SEM ESCORAMENTO, PÉ-DIREITO SIMPLES, EM CHAPA DE MADEIRA RESINADA, 8 UTILIZAÇÕES. | E36: M2 | F36: =M36*20 -> 410.8 | M36: 20.54
A37: 03.01.03 | B37: PILARES, VIGAS E LAJES | C37: 92463 | D37: MONTAGEM E DESMONTAGEM DE FÔRMA DE VIGA, ESCORAMENTO COM GARFO DE MADEIRA, PÉ-DIREITO SIMPLES, EM CHAPA DE MADEIRA RESINADA, 8 UTILIZAÇÕES. AF_09/2020 | E37: M2 | F37: =M37*20 -> 82.6 | M37: 4.13
A38: 03.01.04 | B38: PILARES, VIGAS E LAJES | C38: 92759 | D38: ARMAÇÃO DE PILAR OU VIGA DE ESTRUTURA CONVENCIONAL DE CONCRETO ARMADO UTILIZANDO AÇO CA-60 DE 5,0 MM - MONTAGEM. AF_06/2022 | E38: KG | F38: =M38*20 -> 1408 | M38: 70.4
A39: 03.01.05 | B39: PILARES, VIGAS E LAJES | C39: 92760 | D39: ARMAÇÃO DE PILAR OU VIGA DE ESTRUTURA CONVENCIONAL DE CONCRETO ARMADO UTILIZANDO AÇO CA-50 DE 6,3 MM - MONTAGEM. AF_06/2022 | E39: KG | F39: =M39*20 -> 300 | M39: 15
A40: 03.01.06 | B40: PILARES, VIGAS E LAJES | C40: 92761 | D40: ARMAÇÃO DE PILAR OU VIGA DE ESTRUTURA CONVENCIONAL DE CONCRETO ARMADO UTILIZANDO AÇO CA-50 DE 8,0 MM - MONTAGEM. AF_06/2022 | E40: KG | F40: =M40*20 -> 1306 | M40: 65.3
A41: 03.01.07 | B41: PILARES, VIGAS E LAJES | C41: 92762 | D41: ARMAÇÃO DE PILAR OU VIGA DE ESTRUTURA CONVENCIONAL DE CONCRETO ARMADO UTILIZANDO AÇO CA-50 DE 10,0 MM - MONTAGEM. AF_06/2022 | E41: KG | F41: =M41*20 -> 1712 | M41: 85.6
A42: 03.01.08 | B42: PILARES, VIGAS E LAJES | C42: 101963 | D42: LAJE PRÉ-MOLDADA UNIDIRECIONAL, BIAPOIADA, PARA PISO, ENCHIMENTO EM CERÂMICA, VIGOTA CONVENCIONAL, ALTURA TOTAL DA LAJE "LT" = 12 CM (ENCHIMENTO+CAPA) = (8+4). AF_08/2025 | E42: M2 | F42: =M42*20 -> 115.4 | M42: 5.77
A43: 03.01.09 | B43: PILARES, VIGAS E LAJES | C43: 103669_ADP-01 | D43: CONCRETAGEM DE PILARES, FCK = 20 MPA, COM USO DE BALDES - LANÇAMENTO, ADENSAMENTO E ACABAMENTO. | E43: M3 | F43: =M43*20 -> 25.6 | M43: 1.28
A44: 03.01.10 | B44: PILARES, VIGAS E LAJES | C44: 103682_ADP-01 | D44: CONCRETAGEM DE VIGAS E LAJES, FCK=20 MPA, PARA QUALQUER TIPO DE LAJE COM BALDES EM EDIFICAÇÃO TÉRREA - LANÇAMENTO, ADENSAMENTO E ACABAMENTO. | E44: M3 | F44: =M44*20 -> 35.6 | M44: 1.78
A45: 04 | B45: PAREDES E PAINÉIS | F45: =M45*20 -> 0
A46: 04.01 | B46: ALVENARIA/FECHAMENTOS | F46: =M46*20 -> 0
A47: 04.01.01 | B47: ALVENARIA/FECHAMENTOS | C47: 103328 | D47: ALVENARIA DE VEDAÇÃO DE BLOCOS CERÂMICOS FURADOS NA HORIZONTAL DE 9X19X19 CM (ESPESSURA 9 CM) E ARGAMASSA DE ASSENTAMENTO COM PREPARO EM BETONEIRA. AF_12/2021 | E47: M2 | F47: =M47*20 -> 1730 | M47: 86.5
A48: 04.01.02 | B48: ALVENARIA/FECHAMENTOS | C48: 105022 | D48: VERGA PRÉ-MOLDADA COM ATÉ 1,5 M DE VÃO, ESPESSURA DE *10* CM. AF_03/2024 | E48: M | F48: =M48*20 -> 324 | M48: 16.2
A49: 04.01.03 | B49: ALVENARIA/FECHAMENTOS | C49: 105028 | D49: CONTRAVERGA PRÉ-MOLDADA, ESPESSURA DE *10* CM. AF_03/2024 | E49: M | F49: =M49*20 -> 184 | M49: 9.2
A50: 04.02 | B50: ESQUADRIAS METÁLICAS | F50: =M50*20 -> 0
A51: 04.02.01 | B51: ESQUADRIAS METÁLICAS | C51: 91338 | D51: PORTA DE ALUMÍNIO DE ABRIR COM LAMBRI, COM GUARNIÇÃO, FIXAÇÃO COM PARAFUSOS - FORNECIMENTO E INSTALAÇÃO. AF_12/2019 | E51: M2 | F51: =M51*20 -> 67.2 | M51: 3.36
A52: 04.02.02 | B52: ESQUADRIAS METÁLICAS | C52: 94570 | D52: JANELA DE ALUMÍNIO DE CORRER COM 2 FOLHAS PARA VIDROS (VIDROS INCLUSOS), BATENTE/ REQUADRO 6 A 14 CM, ACABAMENTO COM ACETATO OU BRILHANTE, FIXAÇÃO COM PARAFUSO, SEM GUARNIÇÃO/ ALIZAR, DIMENSÕES 100X120 CM, VEDAÇÃO COM SILICONE, EXCLUSIVE CONTRAMARCO - FORNECIMENTO E INSTALAÇÃO. AF_11/2024 | E52: M2 | F52: =M52*20 -> 52 | M52: 2.6
A53: 04.02.03 | B53: ESQUADRIAS METÁLICAS | C53: 94572 | D53: JANELA DE ALUMÍNIO DE CORRER COM 3 FOLHAS (2 VENEZIANAS E 1 FOLHA PARA VIDRO,VIDRO INCLUSO), BATENTE/ REQUADRO 6 A 14 CM, SEM ACABAMENTO, FIXAÇÃO COM PARAFUSO, SEM GUARNIÇÃO/ ALIZAR, DIMENSÕES 100X120 CM, VEDAÇÃO COM SILICONE, EXCLUSIVE CONTRAMARCO - FORNECIMENTO E INSTALAÇÃO. AF_11/2024 | E53: M2 | F53: =M53*20 -> 56 | M53: 2.8
A54: 04.02.04 | B54: ESQUADRIAS METÁLICAS | C54: 94569 | D54: JANELA DE ALUMÍNIO TIPO MAXIM-AR, BATENTE/ REQUADRO 3 A 14 CM, VIDRO INCLUSO, FIXAÇÃO COM PARAFUSO, SEM GUARNIÇÃO/ ALIZAR, DIMENSÕES 60X80 (A X L) CM, SEM ACABAMENTO, VEDAÇÃO COM SILICONE, EXCLUSIVE CONTRAMARCO - FORNECIMENTO E INSTALAÇÃO. AF_11/2024 | E54: M2 | F54: =M54*20 -> 9.6 | M54: 0.48
A55: 04.02.05 | B55: ESQUADRIAS METÁLICAS | C55: 94589 | D55: CONTRAMARCO DE ALUMÍNIO, FIXAÇÃO COM ARGAMASSA - FORNECIMENTO E INSTALAÇÃO. AF_11/2024 | E55: M | F55: =M55*20 -> 432 | M55: 21.6
A56: 04.02.06 | B56: ESQUADRIAS METÁLICAS | C56: 105812 | D56: GUARNIÇÃO DE ALUMÍNIO. AF_11/2024 | E56: M | F56: =M56*20 -> 864 | M56: 43.2
A57: 04.03 | B57: ESQUADRIAS DE MADEIRAS | F57: =M57*20 -> 0
A58: 04.03.01 | B58: ESQUADRIAS DE MADEIRAS | C58: 91314 | D58: KIT DE PORTA DE MADEIRA PARA PINTURA, SEMI-OCA (LEVE OU MÉDIA), PADRÃO POPULAR, 80X210CM, ESPESSURA DE 3,5CM, ITENS INCLUSOS: DOBRADIÇAS, MONTAGEM E INSTALAÇÃO DO BATENTE, FECHADURA COM EXECUÇÃO DO FURO - FORNECIMENTO E INSTALAÇÃO. AF_12/2019 | E58: UN | F58: =M58*20 -> 60 | M58: 3
A59: 05 | B59: COBERTURA E PROTEÇÕES | F59: =M59*20 -> 0
A60: 05.01 | B60: TELHADOS | F60: =M60*20 -> 0
A61: 05.01.01 | B61: TELHADOS | C61: 92541 | D61: TRAMA DE MADEIRA COMPOSTA POR RIPAS, CAIBROS E TERÇAS PARA TELHADOS DE ATÉ 2 ÁGUAS PARA TELHA CERÂMICA CAPA-CANAL, INCLUSO TRANSPORTE VERTICAL. AF_07/2019 | E61: M2 | F61: =M61*20 -> 1469.8 | M61: 73.49
A62: 05.01.02 | B62: TELHADOS | C62: 94447 | D62: TELHAMENTO COM TELHA CERÂMICA CAPA-CANAL, TIPO PAULISTA, COM ATÉ 2 ÁGUAS, INCLUSO TRANSPORTE VERTICAL. AF_07/2019 | E62: M2 | F62: =M62*20 -> 1469.8 | M62: 73.49
A63: 05.01.03 | B63: TELHADOS | C63: 102233 | D63: PINTURA IMUNIZANTE PARA MADEIRA, 1 DEMÃO. AF_01/2021 | E63: M2 | F63: =M63*20 -> 2076 | M63: 103.8
A64: 05.01.04 | B64: TELHADOS | C64: 94232 | D64: AMARRAÇÃO DE TELHAS CERÂMICAS OU DE CONCRETO. AF_07/2019 | E64: UN | F64: =M64*20 -> 10520 | M64: 526
A65: 05.01.05 | B65: TELHADOS | C65: 94221 | D65: CUMEEIRA PARA TELHA CERÂMICA EMBOÇADA COM ARGAMASSA TRAÇO 1:2:9 (CIMENTO, CAL E AREIA) PARA TELHADOS COM ATÉ 2 ÁGUAS, INCLUSO TRANSPORTE VERTICAL. AF_07/2019 | E65: M | F65: =M65*20 -> 213 | M65: 10.65
A66: 05.01.06 | B66: TELHADOS | C66: 92548 | D66: FABRICAÇÃO E INSTALAÇÃO DE TESOURA INTEIRA EM MADEIRA NÃO APARELHADA, VÃO DE 6 M, PARA TELHA CERÂMICA OU DE CONCRETO, INCLUSO IÇAMENTO. AF_07/2019 | E66: UN | F66: =M66*20 -> 80 | M66: 4
A67: 05.02 | B67: IMPERMEBILIZAÇÕES | F67: =M67*20 -> 0
A68: 06 | B68: REVESTIMENTOS | F68: =M68*20 -> 0
A69: 06.01 | B69: REVESTIMENTOS INTERNOS | F69: =M69*20 -> 0
A70: 06.01.01 | B70: REVESTIMENTOS INTERNOS | C70: 87879 | D70: CHAPISCO APLICADO EM ALVENARIAS E ESTRUTURAS DE CONCRETO INTERNAS, COM COLHER DE PEDREIRO. ARGAMASSA TRAÇO 1:3 COM PREPARO EM BETONEIRA 400L. AF_10/2022 | E70: M2 | F70: =M70*20 -> 2731.6 | M70: 136.58
A71: 06.01.02 | B71: REVESTIMENTOS INTERNOS | C71: 87882 | D71: CHAPISCO APLICADO NO TETO OU EM ALVENARIA E ESTRUTURA, COM ROLO PARA TEXTURA ACRÍLICA. ARGAMASSA TRAÇO 1:4 E EMULSÃO POLIMÉRICA (ADESIVO) COM PREPARO EM BETONEIRA 400L. AF_10/2022 | E71: M2 | F71: =M71*20 -> 88.8 | M71: 4.44
A72: 06.01.03 | B72: REVESTIMENTOS INTERNOS | C72: 87545 | D72: EMBOÇO, EM ARGAMASSA TRAÇO 1:2:8, PREPARO MECÂNICO, APLICADO MANUALMENTE EM PAREDES INTERNAS, PARA AMBIENTES COM ÁREA MENOR QUE 5M², E = 10MM, COM TALISCAS. AF_03/2024 | E72: M2 | F72: =M72*20 -> 479.4 | M72: 23.97
A73: 06.01.04 | B73: REVESTIMENTOS INTERNOS | C73: 87547 | D73: MASSA ÚNICA, EM ARGAMASSA TRAÇO 1:2:8, PREPARO MECÂNICO, APLICADA MANUALMENTE EM PAREDES INTERNAS DE AMBIENTES COM ÁREA ENTRE 5M² E 10M², E = 10MM, COM TALISCAS. AF_03/2024 | E73: M2 | F73: =M73*20 -> 1601 | M73: 80.05
A74: 06.01.05 | B74: REVESTIMENTOS INTERNOS | C74: 104958 | D74: MASSA ÚNICA, EM ARGAMASSA TRAÇO 1:2:8 PREPARO MECÂNICO, APLICADA MANUALMENTE EM PAREDES INTERNAS DE AMBIENTES COM ÁREA MAIOR QUE 10M², E = 10MM, COM TALISCAS. AF_03/2024 | E74: M2 | F74: =M74*20 -> 651.2 | M74: 32.56
A75: 06.01.06 | B75: REVESTIMENTOS INTERNOS | C75: 90408 | D75: MASSA ÚNICA, EM ARGAMASSA TRAÇO 1:2:8, PREPARO MECÂNICO, APLICADA MANUALMENTE EM TETO, E = 10MM, COM TALISCAS. AF_03/2024 | E75: M2 | F75: =M75*20 -> 88.8 | M75: 4.44
A76: 06.02 | B76: REVESTIMENTOS CERÂMICOS | F76: =M76*20 -> 0
A77: 06.02.01 | B77: REVESTIMENTOS CERÂMICOS | C77: 87267 | D77: REVESTIMENTO CERÂMICO PARA PAREDES INTERNAS COM PLACAS TIPO ESMALTADA DE DIMENSÕES 20X20 CM APLICADAS A MEIA ALTURA DAS PAREDES. AF_02/2023_PE | E77: M2 | F77: =M77*20 -> 393 | M77: 19.65
A78: 06.02.02 | B78: REVESTIMENTOS CERÂMICOS | C78: 87265 | D78: REVESTIMENTO CERÂMICO PARA PAREDES INTERNAS COM PLACAS TIPO ESMALTADA DE DIMENSÕES 20X20 CM APLICADAS NA ALTURA INTEIRA DAS PAREDES. AF_02/2023_PE | E78: M2 | F78: =M78*20 -> 86.4 | M78: 4.32
A79: 06.03 | B79: REVESTIMENTOS EXTERNOS | F79: =M79*20 -> 0
A80: 06.03.01 | B80: REVESTIMENTOS EXTERNOS | C80: 87905 | D80: CHAPISCO APLICADO EM ALVENARIA (COM PRESENÇA DE VÃOS) E ESTRUTURAS DE CONCRETO DE FACHADA, COM COLHER DE PEDREIRO. ARGAMASSA TRAÇO 1:3 COM PREPARO EM BETONEIRA 400L. AF_10/2022 | E80: M2 | F80: =M80*20 -> 607 | M80: 30.35
A81: 06.03.02 | B81: REVESTIMENTOS EXTERNOS | C81: 87894 | D81: CHAPISCO APLICADO EM ALVENARIA (SEM PRESENÇA DE VÃOS) E ESTRUTURAS DE CONCRETO DE FACHADA, COM COLHER DE PEDREIRO. ARGAMASSA TRAÇO 1:3 COM PREPARO EM BETONEIRA 400L. AF_10/2022 | E81: M2 | F81: =M81*20 -> 609 | M81: 30.45
A82: 06.03.03 | B82: REVESTIMENTOS EXTERNOS | C82: 87792 | D82: EMBOÇO OU MASSA ÚNICA EM ARGAMASSA TRAÇO 1:2:8, PREPARO MECÂNICO COM BETONEIRA 400 L, APLICADA MANUALMENTE EM PANOS CEGOS DE FACHADA (SEM PRESENÇA DE VÃOS), ESPESSURA DE 25 MM. AF_08/2022 | E82: M2 | F82: =M82*20 -> 609 | M82: 30.45
A83: 06.03.04 | B83: REVESTIMENTOS EXTERNOS | C83: 87775 | D83: EMBOÇO OU MASSA ÚNICA EM ARGAMASSA TRAÇO 1:2:8, PREPARO MECÂNICO COM BETONEIRA 400 L, APLICADA MANUALMENTE EM PANOS DE FACHADA COM PRESENÇA DE VÃOS, ESPESSURA DE 25 MM. AF_08/2022 | E83: M2 | F83: =M83*20 -> 607 | M83: 30.35
A84: 06.04 | B84: FORROS | F84: =M84*20 -> 0
A85: 06.04.01 | B85: FORROS | C85: 96111 | D85: FORRO EM RÉGUAS DE PVC, FRISADO, PARA AMBIENTES RESIDENCIAIS, INCLUSIVE ESTRUTURA UNIDIRECIONAL DE FIXAÇÃO. AF_08/2023_PS | E85: M2 | F85: =M85*20 -> 718 | M85: 35.9
A86: 06.05 | B86: PINTURA | F86: =M86*20 -> 0
A87: 06.05.01 | B87: PINTURAS INTERNAS | F87: =M87*20 -> 0
A88: 06.05.01.01 | B88: PINTURAS INTERNAS | C88: 88485 | D88: FUNDO SELADOR ACRÍLICO, APLICAÇÃO MANUAL EM PAREDE, UMA DEMÃO. AF_04/2023 | E88: M2 | F88: =M88*20 -> 2252.2 | M88: 112.61
A89: 06.05.01.02 | B89: PINTURAS INTERNAS | C89: 88484 | D89: FUNDO SELADOR ACRÍLICO, APLICAÇÃO MANUAL EM TETO, UMA DEMÃO. AF_04/2023 | E89: M2 | F89: =M89*20 -> 88.8 | M89: 4.44
A90: 06.05.01.03 | B90: PINTURAS INTERNAS | C90: 104640 | D90: PINTURA LÁTEX ACRÍLICA STANDARD, APLICAÇÃO MANUAL EM TETO, DUAS DEMÃOS. AF_04/2023 | E90: M2 | F90: =M90*20 -> 88.8 | M90: 4.44
A91: 06.05.01.04 | B91: PINTURAS INTERNAS | C91: 104642 | D91: PINTURA LÁTEX ACRÍLICA STANDARD, APLICAÇÃO MANUAL EM PAREDES, DUAS DEMÃOS. AF_04/2023 | E91: M2 | F91: =M91*20 -> 2252.2 | M91: 112.61
A92: 06.05.02 | B92: PINTURAS EXTERNAS | F92: =M92*20 -> 0
A93: 06.05.02.01 | B93: PINTURAS EXTERNAS | C93: 88415 | D93: APLICAÇÃO MANUAL DE FUNDO SELADOR ACRÍLICO EM PAREDES EXTERNAS DE CASAS. AF_03/2024 | E93: M2 | F93: =M93*20 -> 1216 | M93: 60.8
A94: 06.05.02.02 | B94: PINTURAS EXTERNAS | C94: 104642 | D94: PINTURA LÁTEX ACRÍLICA STANDARD, APLICAÇÃO MANUAL EM PAREDES, DUAS DEMÃOS. AF_04/2023 | E94: M2 | F94: =M94*20 -> 1216 | M94: 60.8
A95: 06.05.03 | B95: PINTURA ESQUADRIAS | F95: =M95*20 -> 0
A96: 06.05.03.01 | B96: PINTURA ESQUADRIAS | C96: 102193 | D96: LIXAMENTO DE MADEIRA PARA APLICAÇÃO DE FUNDO OU PINTURA. AF_01/2021 | E96: M2 | F96: =M96*20 -> 299.2 | M96: 14.96
A97: 06.05.03.02 | B97: PINTURA ESQUADRIAS | C97: 102197 | D97: PINTURA FUNDO NIVELADOR ALQUÍDICO BRANCO EM MADEIRA. AF_01/2021 | E97: M2 | F97: =M97*20 -> 299.2 | M97: 14.96
A98: 06.05.03.03 | B98: PINTURA ESQUADRIAS | C98: 102219 | D98: PINTURA TINTA DE ACABAMENTO (PIGMENTADA) ESMALTE SINTÉTICO ACETINADO EM MADEIRA, 2 DEMÃOS. AF_01/2021 | E98: M2 | F98: =M98*20 -> 299.2 | M98: 14.96
A99: 07 | B99: PAVIMENTAÇÕES | F99: =M99*20 -> 0
A100: 07.01 | B100: PISO CERÂMICO | F100: =M100*20 -> 0
...

Sheet CRO
F1: CRONOGRAMA
A3: PROPONENTE: | C3: MUNICIPIO DE CAPETINGA
A4: OBJETO: | C4: CONSTRUÇÃO DE 20 UNIDADES HABITACIONAIS MCMV
A5: RESPONSÁVEL TECNICO: | D5: LUCAS CUSTODIO DE LIMA CAMPOS
A6: CREA: | B6: 241547/D
A8: Falta distribuir: | B8: Item | C8: Descrição | F8: Valor Unit. (R$) | G8: Parcelas: | H8: 1 | I8: 2 | J8: 3 | K8: 4 | L8: 5 | M8: 6 | N8: 7 | O8: 8 | P8: 9 | Q8: 10 | R8: 11 | S8: 12 | T8: Valor 20 Casas (R$)
H9: MÊS 1 | I9: MÊS 2 | J9: MÊS 3 | K9: MÊS 4 | L9: MÊS 5 | M9: MÊS 6 | N9: MÊS 7 | O9: MÊS 8 | P9: MÊS 9 | Q9: MÊS 10 | R9: MÊS 11 | S9: MÊS 6
A10: Linha | B10: 1. | C10: (CONSTRUÇÃO DE 20 UNIDADES HABITACIONAIS MCMV) | F10: =PO!J228 -> 0 | G10: % Período: | H10: =(14.565709226948/2)/100 -> 0.072828546 | I10: =(7.96468529126796/2)/100 -> 0.039823426 | J10: =(15.2166857457531/2)/100 -> 0.076083429 | K10: =(20.7205843000285/2)/100 -> 0.10360292 | L10: =(12.7063744244113/2)/100 -> 0.063531872 | M10: =(28.8259610115912/2)/100 -> 0.14412981 | N10: =(14.565709226948/2)/100 -> 0.072828546 | O10: =(7.96468529126796/2)/100 -> 0.039823426 | P10: =(15.2166857457531/2)/100 -> 0.076083429 | Q10: =(20.7205843000285/2)/100 -> 0.10360292 | R10: =(12.7063744244113/2)/100 -> 0.063531872 | S10: =(28.8259610115912/2)/100 -> 0.14412981 | T10: =F10 -> 0
A11: Linha | B11: 1.1 | C11: (SERVIÇOS PRELIMINARES) | F11: =PO!J9 -> 0 | G11: % Período: | H11: 0.5 | I11: 0 | J11: 0 | K11: 0 | L11: 0 | M11: 0 | N11: 0.5 | O11: 0 | P11: 0 | Q11: 0 | R11: 0 | S11: 0 | T11: =F11 -> 0
A12: Linha | B12: 1.2 | C12: (FUNDAÇÕES) | F12: =PO!J17 -> 0 | G12: % Período: | H12: 0.5 | I12: 0 | J12: 0 | K12: 0 | L12: 0 | M12: 0 | N12: 0.5 | O12: 0 | P12: 0 | Q12: 0 | R12: 0 | S12: 0 | T12: =F12 -> 0
A13: Linha | B13: 1.3 | C13: (SUPRAESTRUTURA) | F13: =PO!J33 -> 0 | G13: % Período: | H13: 0 | I13: 0.5 | J13: 0 | K13: 0 | L13: 0 | M13: 0 | N13: 0 | O13: 0.5 | P13: 0 | Q13: 0 | R13: 0 | S13: 0 | T13: =F13 -> 0
A14: Linha | B14: 1.4 | C14: (PAREDES E PAINEIS) | F14: =PO!J45 -> 0 | G14: % Período: | H14: 0 | I14: 0 | J14: 0.5 | K14: 0 | L14: 0 | M14: 0 | N14: 0 | O14: 0 | P14: 0.5 | Q14: 0 | R14: 0 | S14: 0 | T14: =F14 -> 0
A15: Linha | B15: 1.5 | C15: (COBERTURA E PROTEÇÕES) | F15: =PO!J59 -> 0 | G15: % Período: | H15: 0 | I15: 0 | J15: 0 | K15: 0.5 | L15: 0 | M15: 0 | N15: 0 | O15: 0 | P15: 0 | Q15: 0.5 | R15: 0 | S15: 0 | T15: =F15 -> 0
A16: Linha | B16: 1.6 | C16: (REVESTIMENTOS) | F16: =PO!J68 -> 0 | G16: % Período: | H16: 0 | I16: 0 | J16: 0 | K16: 0 | L16: 0.5 | M16: 0 | N16: 0 | O16: 0 | P16: 0 | Q16: 0 | R16: 0.5 | S16: 0 | T16: =F16 -> 0
A17: Linha | B17: 1.7 | C17: (PAVIMENTAÇÕES) | F17: =PO!J99 -> 0 | G17: % Período: | H17: 0 | I17: 0 | J17: 0 | K17: 0 | L17: 0 | M17: 0.5 | N17: 0 | O17: 0 | P17: 0 | Q17: 0 | R17: 0 | S17: 0.5 | T17: =F17 -> 0
A18: Linha | B18: 1.8 | C18: (INSTALAÇÕES) | F18: =PO!J111 -> 0 | G18: % Período: | H18: 0 | I18: 0 | J18: 0 | K18: 0 | L18: 0 | M18: 0.5 | N18: 0 | O18: 0 | P18: 0 | Q18: 0 | R18: 0 | S18: 0.5 | T18: =F18 -> 0
A19: Linha | B19: 1.9 | C19: (COMPLEMENTAÇÕES) | F19: =PO!J211 -> 0 | G19: % Período: | H19: 0 | I19: 0 | J19: 0 | K19: 0 | L19: 0 | M19: 0.5 | N19: 0 | O19: 0 | P19: 0 | Q19: 0 | R19: 0 | S19: 0.5 | T19: =F19 -> 0
C20: (VALOR UNIDADE) | F20: =F11+F12+F13+F14+F15+F16+F17+F18+F19 -> 0 | T20: =F20 -> 0
B22: Total: R$ 2.838.154,47 | G22: %: | H22: =(14.565709226948/2)/100 -> 0.072828546 | I22: =(7.96468529126796/2)/100 -> 0.039823426 | J22: =(15.2166857457531/2)/100 -> 0.076083429 | K22: =(20.7205843000285/2)/100 -> 0.10360292 | L22: =(12.7063744244113/2)/100 -> 0.063531872 | M22: =(28.8259610115912/2)/100 -> 0.14412981 | N22: =(14.565709226948/2)/100 -> 0.072828546 | O22: =(7.96468529126796/2)/100 -> 0.039823426 | P22: =(15.2166857457531/2)/100 -> 0.076083429 | Q22: =(20.7205843000285/2)/100 -> 0.10360292 | R22: =(12.7063744244113/2)/100 -> 0.063531872 | S22: =(28.8259610115912/2)/100 -> 0.14412981
G23: Repasse:
B24: VALOR L. | C24: 2800000 | E24: Período: | G24: Contrapartida:
B25: VALOR CONTRAP. | D25: 47303.21 | G25: Outros: | H25: =(14.565709226948/2)/100 -> 0.072828546 | I25: =(7.96468529126796/2)/100 -> 0.039823426 | J25: =(15.2166857457531/2)/100 -> 0.076083429 | K25: =(20.7205843000285/2)/100 -> 0.10360292 | L25: =(12.7063744244113/2)/100 -> 0.063531872 | M25: =(28.8259610115912/2)/100 -> 0.14412981 | N25: =(14.565709226948/2)/100 -> 0.072828546 | O25: =(7.96468529126796/2)/100 -> 0.039823426 | P25: =(15.2166857457531/2)/100 -> 0.076083429 | Q25: =(20.7205843000285/2)/100 -> 0.10360292 | R25: =(12.7063744244113/2)/100 -> 0.063531872 | S25: =(28.8259610115912/2)/100 -> 0.14412981
G26: Investimento:
B27: VALOR L. | C27: 2800000 | G27: Contrap. Per.:
B28: VALOR CONTRAP. | D28: =D25 -> 47303.21 | G28: Repasse Ac.:
E29: Acumulado: | G29: Contrapartida Ac.: | H29: =H24 -> 0 | I29: =H24+I24 -> 0 | J29: =H24+I24+J24 -> 0 | K29: =H24+I24+J24+K24 -> 0 | L29: =H24+I24+J24+K24+L24 -> 0 | M29: =H24+I24+J24+K24+L24+M24 -> 0 | N29: =H24+I24+J24+K24+L24+M24+N24 -> 0 | O29: =H24+I24+J24+K24+L24+M24+N24+O24 -> 0 | P29: =H24+I24+J24+K24+L24+M24+N24+O24+P24 -> 0 | Q29: =H24+I24+J24+K24+L24+M24+N24+O24+P24+Q24 -> 0 | R29: =H24+I24+J24+K24+L24+M24+N24+O24+P24+Q24+R24 -> 0 | S29: =H24+I24+J24+K24+L24+M24+N24+O24+P24+Q24+R24+S24 -> 0
G30: Outros: | H30: 0 | I30: 0 | J30: 0 | K30: 0 | L30: 0 | M30: 0 | N30: 0 | O30: 0 | P30: 0 | Q30: 0 | R30: 0 | S30: 0
G31: Investimento: | H31: =H28+H29 -> 0 | I31: =I28+I29 -> 0 | J31: =J28+J29 -> 0 | K31: =K28+K29 -> 0 | L31: =L28+L29 -> 0 | M31: =M28+M29 -> 0 | N31: =N28+N29 -> 0 | O31: =O28+O29 -> 0 | ... S31: =S28+S29 -> 0

Sheet BDI E DECLARAÇÃO - OK
E1: MIN | F1: MED | G1: MAX | O1: ="Quadro de Composição do BDI" -> Quadro de Composição do BDI | R1: Grau de Sigilo
A2: Construção e Reforma de Edifícios | B2: AC | C2: =CONCATENATE(A2,"-",B2) -> Construção e Reforma de Edifícios-AC | E2: 0.03 | F2: 0.04 | G2: 0.055 | R2: #PUBLICO
A3: =A2 -> Construção e Reforma de Edifícios | B3: SG | C3: =CONCATENATE(A3,"-",B3) -> Construção e Reforma de Edifícios-SG | E3: 0.008 | F3: 0.008 | G3: 0.01
A4: =A3 -> Construção e Reforma de Edifícios | B4: R | C4: =CONCATENATE(A4,"-",B4) -> Construção e Reforma de Edifícios-R | E4: 0.0097 | F4: 0.0127 | G4: 0.0127 | J4: Nº OPERAÇÃO | L4: Nº TRANSFEREGOV | N4: PROPONENTE / TOMADOR
A5: =A4 -> Construção e Reforma de Edifícios | B5: DF | C5: =CONCATENATE(A5,"-",B5) -> Construção e Reforma de Edifícios-DF | E5: 0.0059 | F5: 0.0123 | G5: 0.0139 | J5: =Import.CR -> 0 | L5: =Import.TransfereGOV -> 39766/2025 | N5: =Import.Proponente -> 0
A6: =A5 -> Construção e Reforma de Edifícios | B6: L | C6: =CONCATENATE(A6,"-",B6) -> Construção e Reforma de Edifícios-L | E6: 0.0616 | F6: 0.074 | G6: 0.0896 | I6: FILTRO
A7: =A6 -> Construção e Reforma de Edifícios | B7: BDI PAD | C7: =CONCATENATE(A7,"-",B7) -> Construção e Reforma de Edifícios-BDI PAD | E7: 0.2034 | F7: 0.2212 | G7: 0.25 | J7: APELIDO DO EMPREENDIMENTO / DESCRIÇÃO DO LOTE
A8: Construção de Praças Urbanas, Rodovias, Ferrovias e recapeamento e pavimentação de vias urbanas | B8: AC | C8: =CONCATENATE(A8,"-",B8) -> Construção de Praças Urbanas, Rodovias, Ferrovias e recapeamento e pavimentação de vias urbanas-AC | E8: 0.038 | F8: 0.0401 | G8: 0.0467 | J8: =Import.Apelido&" / "&Import.DescLote -> CONSTRUÇÃO DE 20 UNIDADES HABITACIONAIS MCMV / | U8: =IF(U29="FORA DO INTERVALO","BDI 1 fora do intervalo",IF(U69="FORA DO INTERVALO","BDI 2 fora do intervalo",IF(U109="FORA DO INTERVALO","BDI 3 fora do intervalo","")))
A9: Construção de Praças Urbanas, Rodovias, Ferrovias e recapeamento e pavimentação de vias urbanas | B9: SG | C9: =CONCATENATE(A9,"-",B9) -> Construção de Praças Urbanas, Rodovias, Ferrovias e recapeamento e pavimentação de vias urbanas-SG | E9: 0.0032 | F9: 0.004 | G9: 0.0074
A10: Construção de Praças Urbanas, Rodovias, Ferrovias e recapeamento e pavimentação de vias urbanas | B10: R | C10: =CONCATENATE(A10,"-",B10) -> Construção de Praças Urbanas, Rodovias, Ferrovias e recapeamento e pavimentação de vias urbanas-R | E10: 0.005 | F10: 0.0056 | G10: 0.0097 | J10: Conforme legislação tributária municipal, definir estimativa de percentual da base de cálculo para o ISS: | R10: 1 | U10: =IF(R10="","Falta definir a base de cálculo para o ISS","")
A11: Construção de Praças Urbanas, Rodovias, Ferrovias e recapeamento e pavimentação de vias urbanas | B11: DF | C11: =CONCATENATE(A11,"-",B11) -> Construção de Praças Urbanas, Rodovias, Ferrovias e recapeamento e pavimentação de vias urbanas-DF | E11: 0.0102 | F11: 0.0111 | G11: 0.0121 | I11: ↓ | J11: Sobre a base de cálculo, definir a respectiva alíquota do ISS (entre 2% e 5%): | R11: 0.02 | U11: =IF(R11="","Falta definir a alíquota do ISS","")
A12: Construção de Praças Urbanas, Rodovias, Ferrovias e recapeamento e pavimentação de vias urbanas | B12: L | C12: =CONCATENATE(A12,"-",B12) -> Construção de Praças Urbanas, Rodovias, Ferrovias e recapeamento e pavimentação de vias urbanas-L | E12: 0.0664 | F12: 0.073 | G12: 0.0869 | I12: F
A13: Construção de Praças Urbanas, Rodovias, Ferrovias e recapeamento e pavimentação de vias urbanas | B13: BDI PAD | C13: =CONCATENATE(A13,"-",B13) -> Construção de Praças Urbanas, Rodovias, Ferrovias e recapeamento e pavimentação de vias urbanas-BDI PAD | E13: 0.196 | F13: 0.2097 | G13: 0.2423 | I13: F
A14: Construção de Redes de Abastecimento de Água, Coleta de Esgoto | B14: AC | C14: =CONCATENATE(A14,"-",B14) -> Construção de Redes de Abastecimento de Água, Coleta de Esgoto-AC | E14: 0.0343 | F14: 0.0493 | G14: 0.0671 | I14: F | J14: BDI 1
A15: =A14 -> Construção de Redes de Abastecimento de Água, Coleta de Esgoto | B15: SG | C15: =CONCATENATE(A15,"-",B15) -> Construção de Redes de Abastecimento de Água, Coleta de Esgoto-SG | E15: 0.0028 | F15: 0.0049 | G15: 0.0075 | I15: F
A16: =A15 -> Construção de Redes de Abastecimento de Água, Coleta de Esgoto | B16: R | C16: =CONCATENATE(A16,"-",B16) -> Construção de Redes de Abastecimento de Água, Coleta de Esgoto-R | E16: 0.01 | F16: 0.0139 | G16: 0.0174 | I16: F | J16: TIPO DE OBRA
A17: =A16 -> Construção de Redes de Abastecimento de Água, Coleta de Esgoto | B17: DF | C17: =CONCATENATE(A17,"-",B17) -> Construção de Redes de Abastecimento de Água, Coleta de Esgoto-DF | E17: 0.0094 | F17: 0.0099 | G17: 0.0117 | I17: F | J17: Construção e Reforma de Edifícios
A18: =A17 -> Construção de Redes de Abastecimento de Água, Coleta de Esgoto | B18: L | C18: =CONCATENATE(A18,"-",B18) -> Construção de Redes de Abastecimento de Água, Coleta de Esgoto-L | E18: 0.0674 | F18: 0.0804 | G18: 0.094 | I18: F
A19: =A18 -> Construção de Redes de Abastecimento de Água, Coleta de Esgoto | B19: BDI PAD | C19: =CONCATENATE(A19,"-",B19) -> Construção de Redes de Abastecimento de Água, Coleta de Esgoto-BDI PAD | E19: 0.2076 | F19: 0.2418 | G19: 0.2644 | I19: F | J19: Itens | R19: Siglas | S19: % Adotado | U19: Situação | X19: 1º Quartil | Y19: Médio | Z19: 3º Quartil
A20: Construção e Manutenção de Estações e Redes de Distribuição de Energia Elétrica | B20: AC | C20: =CONCATENATE(A20,"-",B20) -> Construção e Manutenção de Estações e Redes de Distribuição de Energia Elétrica-AC | E20: 0.0529 | F20: 0.0592 | G20: 0.0793 | I20: F
A21: =A20 -> Construção e Manutenção de Estações e Redes de Distribuição de Energia Elétrica | B21: SG | C21: =CONCATENATE(A21,"-",B21) -> Construção e Manutenção de Estações e Redes de Distribuição de Energia Elétrica-SG | E21: 0.0025 | F21: 0.0051 | G21: 0.0056 | I21: F | J21: =IF($J$17=$A$146,"Encargos Sociais incidentes sobre a mão de obra","Administração Central") -> Administração Central | R21: =IF($J17=$A$146,"K1","AC") -> AC | S21: 0.03 | U21: =IFERROR(IF(T21="◄","FALTA PREENCHER",IF(AND(OR(S21>=X21,X21="-"),OR(S21<=Z21,Z21="-")),"OK","FORA DO INTERVALO")),"-") -> OK | X21: =VLOOKUP(CONCATENATE(J17,"-",R21),$C$2:$G$136,3,FALSE) -> 0.03 | Y21: =VLOOKUP(CONCATENATE(J17,"-",R21),$C$2:$G$136,4,FALSE) -> 0.04 | Z21: =VLOOKUP(CONCATENATE(J17,"-",R21),$C$2:$G$136,5,FALSE) -> 0.055
A22: =A21 -> Construção e Manutenção de Estações e Redes de Distribuição de Energia Elétrica | B22: R | C22: =CONCATENATE(A22,"-",B22) -> Construção e Manutenção de Estações e Redes de Distribuição de Energia Elétrica-R | E22: 0.01 | F22: 0.0148 | G22: 0.0197 | I22: F | J22: =IF($J$17=$A$146,"Administração Central da empresa ou consultoria - overhead","Seguro e Garantia") -> Seguro e Garantia | R22: =IF($J17=$A$146,"K2","SG") -> SG | S22: 0.009 | U22: =IFERROR(IF(T22="◄","FALTA PREENCHER",IF(AND(OR(S22>=X22,X22="-"),OR(S22<=Z22,Z22="-")),"OK","FORA DO INTERVALO")),"-") -> OK | X22: =VLOOKUP(CONCATENATE(J17,"-",R22),$C$2:$G$136,3,FALSE) -> 0.008 | Y22: =VLOOKUP(CONCATENATE(J17,"-",R22),$C$2:$G$136,4,FALSE) -> 0.008 | Z22: =VLOOKUP(CONCATENATE(J17,"-",R22),$C$2:$G$136,5,FALSE) -> 0.01
A23: =A22 -> Construção e Manutenção de Estações e Redes de Distribuição de Energia Elétrica | B23: DF | C23: =CONCATENATE(A23,"-",B23) -> Construção e Manutenção de Estações e Redes de Distribuição de Energia Elétrica-DF | E23: 0.0101 | F23: 0.0107 | G23: 0.0111 | I23: F | J23: Risco | R23: =IF($J17=$A$146,"","R") -> R | S23: 0.0097 | U23: =IFERROR(IF(T23="◄","FALTA PREENCHER",IF(AND(OR(S23>=X23,X23="-"),OR(S23<=Z23,Z23="-")),"OK","FORA DO INTERVALO")),"-") -> OK | X23: =VLOOKUP(CONCATENATE(J17,"-",R23),$C$2:$G$136,3,FALSE) -> 0.0097 | Y23: =VLOOKUP(CONCATENATE(J17,"-",R23),$C$2:$G$136,4,FALSE) -> 0.0127 | Z23: =VLOOKUP(CONCATENATE(J17,"-",R23),$C$2:$G$136,5,FALSE) -> 0.0127
A24: =A23 -> Construção e Manutenção de Estações e Redes de Distribuição de Energia Elétrica | B24: L | C24: =CONCATENATE(A24,"-",B24) -> Construção e Manutenção de Estações e Redes de Distribuição de Energia Elétrica-L | E24: 0.08 | F24: 0.0831 | G24: 0.0951 | I24: F | J24: Despesas Financeiras | R24: =IF($J17=$A$146,"","DF") -> DF | S24: 0.01 | U24: =IFERROR(IF(T24="◄","FALTA PREENCHER",IF(AND(OR(S24>=X24,X24="-"),OR(S24<=Z24,Z24="-")),"OK","FORA DO INTERVALO")),"-") -> OK | X24: =VLOOKUP(CONCATENATE(J17,"-",R24),$C$2:$G$136,3,FALSE) -> 0.0059 | Y24: =VLOOKUP(CONCATENATE(J17,"-",R24),$C$2:$G$136,4,FALSE) -> 0.0123 | Z24: =VLOOKUP(CONCATENATE(J17,"-",R24),$C$2:$G$136,5,FALSE) -> 0.0139
A25: =A24 -> Construção e Manutenção de Estações e Redes de Distribuição de Energia Elétrica | B25: BDI PAD | C25: =CONCATENATE(A25,"-",B25) -> Construção e Manutenção de Estações e Redes de Distribuição de Energia Elétrica-BDI PAD | E25: 0.24 | F25: 0.2584 | G25: 0.2786 | I25: F | J25: =IF($J$17=$A$146,"Margem bruta da empresa de consultoria","Lucro") -> Lucro | R25: =IF($J17=$A$146,"K3","L") -> L | S25: 0.075 | U25: =IFERROR(IF(T25="◄","FALTA PREENCHER",IF(AND(OR(S25>=X25,X25="-"),OR(S25<=Z25,Z25="-")),"OK","FORA DO INTERVALO")),"-") -> OK | X25: =VLOOKUP(CONCATENATE(J17,"-",R25),$C$2:$G$136,3,FALSE) -> 0.0616 | Y25: =VLOOKUP(CONCATENATE(J17,"-",R25),$C$2:$G$136,4,FALSE) -> 0.074 | Z25: =VLOOKUP(CONCATENATE(J17,"-",R25),$C$2:$G$136,5,FALSE) -> 0.0896
A26: Obras Portuárias, Marítimas e Fluviais | B26: AC | C26: =CONCATENATE(A26,"-",B26) -> Obras Portuárias, Marítimas e Fluviais-AC | E26: 0.04 | F26: 0.0552 | G26: 0.0785 | I26: F | J26: Tributos (impostos COFINS 3%, e PIS 0,65%) | R26: CP | S26: 0.0365 | U26: =IFERROR(IF(T26="◄","FALTA PREENCHER",IF(AND(OR(S26>=X26,X26="-"),OR(S26<=Z26,Z26="-")),"OK","FORA DO INTERVALO")),"-") -> OK | X26: =Y26 -> 0.0365 | Y26: =IF($J17=$A$145,"-",3.65%) -> 0.0365 | Z26: =Y26 -> 0.0365
A27: =A26 -> Obras Portuárias, Marítimas e Fluviais | B27: SG | C27: =CONCATENATE(A27,"-",B27) -> Obras Portuárias, Marítimas e Fluviais-SG | E27: 0.0081 | F27: 0.0122 | G27: 0.0199 | I27: F | J27: Tributos (ISS, variável de acordo com o município) | R27: ISS | S27: =IF(AND($J17<>$A$145,COUNTA(OFFSET(S20,1,0,6))>0),$R$11*$R$10,0) -> 0.02 | U27: =IFERROR(IF(T27="◄","FALTA PREENCHER",IF(AND(OR(S27>=X27,X27="-"),OR(S27<=Z27,Z27="-")),"OK","FORA DO INTERVALO")),"-") -> OK | X27: 0 | Y27: 0.025 | Z27: 0.05
A28: =A27 -> Obras Portuárias, Marítimas e Fluviais | B28: R | C28: =CONCATENATE(A28,"-",B28) -> Obras Portuárias, Marítimas e Fluviais-R | E28: 0.0146 | F28: 0.0232 | G28: 0.0316 | I28: F | J28: Tributos (Contribuição Previdenciária sobre a Receita Bruta - Lei 12.546 de 14/12/2011 - Desoneração) | R28: CPRB | S28: 0.036 | U28: =IFERROR(IF(T28="◄","FALTA PREENCHER",IF(AND(OR(S28>=X28,X28="-"),OR(S28<=Z28,Z28="-")),"OK","FORA DO INTERVALO")),"-") -> OK | X28: =$S28 -> 0.036 | Y28: =$S28 -> 0.036 | Z28: =$S28 -> 0.036
A29: =A28 -> Obras Portuárias, Marítimas e Fluviais | B29: DF | C29: =CONCATENATE(A29,"-",B29) -> Obras Portuárias, Marítimas e Fluviais-DF | E29: 0.0094 | F29: 0.0102 | G29: 0.0133 | I29: F | J29: BDI SEM desoneração (Fórmula Acórdão TCU) | R29: BDI PAD | S29: =IF($J17=$A$145,0,ROUND((((1+S21+S22+S23)*(1+S24)*(1+S25)/(1-(S26+S27)))-1),4)) -> 0.2068 | U29: =IFERROR(IF(AND(OR(S29>=X29,X29="-"),OR(S29<=Z29,Z29="-")),"OK","FORA DO INTERVALO"),IF(S29=0,"OK","Selecione o Tipo de obra")) -> OK | X29: =IF($J17=$A$145,0,VLOOKUP(CONCATENATE($J17,"-",$R29),$C$2:$G$136,3,FALSE)) -> 0.2034 | Y29: =IF($J17=$A$145,0,VLOOKUP(CONCATENATE($J17,"-",$R29),$C$2:$G$136,4,FALSE)) -> 0.2212 | Z29: =IF($J17=$A$145,0,VLOOKUP(CONCATENATE($J17,"-",$R29),$C$2:$G$136,5,FALSE)) -> 0.25
A30: =A29 -> Obras Portuárias, Marítimas e Fluviais | B30: L | C30: =CONCATENATE(A30,"-",B30) -> Obras Portuárias, Marítimas e Fluviais-L | E30: 0.0714 | F30: 0.084 | G30: 0.1043 | I30: F | J30: BDI COM desoneração | R30: BDI DES | S30: =IF($J17=$A$145,0,ROUND((((1+S21+S22+S23)*(1+S24)*(1+S25)/(1-(S26+S27+S28)))-1),4)) -> 0.2547
A31: =A30 -> Obras Portuárias, Marítimas e Fluviais | B31: BDI PAD | C31: =CONCATENATE(A31,"-",B31) -> Obras Portuárias, Marítimas e Fluviais-BDI PAD | E31: 0.228 | F31: 0.2748 | G31: 0.3095 | I31: F
A32: Fornecimento de Materiais e Equipamentos (aquisição indireta - em conjunto com licitação de obras) | B32: AC | C32: =CONCATENATE(A32,"-",B32) -> Fornecimento de Materiais e Equipamentos (aquisição indireta - em conjunto com licitação de obras)-AC | E32: 0.015 | F32: 0.0345 | G32: 0.0449 | I32: F | J32: =IF(U29<>"ok","X","") | K32: =IF(U29<>"ok","Anexo: Relatório Técnico Circunstanciado justificando a adoção do percentual de cada parcela do BDI.","")
A33: =A32 -> Fornecimento de Materiais e Equipamentos (aquisição indireta - em conjunto com licitação de obras) | B33: SG | C33: =CONCATENATE(A33,"-",B33) -> Fornecimento de Materiais e Equipamentos (aquisição indireta - em conjunto com licitação de obras)-SG | E33: 0.003 | F33: 0.0048 | G33: 0.0082 | I33: F | N33: DECLARAÇÃO DA COMPOSIÇÃO ANALÍTICA
A34: =A33 -> Fornecimento de Materiais e Equipamentos (aquisição indireta - em conjunto com licitação de obras) | B34: R | C34: =CONCATENATE(A34,"-",B34) -> Fornecimento de Materiais e Equipamentos (aquisição indireta - em conjunto com licitação de obras)-R | E34: 0.0056 | F34: 0.0085 | G34: 0.0089 | I34: F | J34: Os valores de BDI foram calculados com o emprego da fórmula:
A35: =A34 -> Fornecimento de Materiais e Equipamentos (aquisição indireta - em conjunto com licitação de obras) | B35: DF | C35: =CONCATENATE(A35,"-",B35) -> Fornecimento de Materiais e Equipamentos (aquisição indireta - em conjunto com licitação de obras)-DF | E35: 0.0085 | F35: 0.0085 | G35: 0.0111 | I35: F | M35: BDI = | N35: =IF($J17=$A$146,"(1+K1+K2)*(1+K3)","(1+AC + S + R + G)*(1 + DF)*(1+L)") -> (1+AC + S + R + G)*(1 + DF)*(1+L) | Q35: - 1
A36: =A35 -> Fornecimento de Materiais e Equipamentos (aquisição indireta - em conjunto com licitação de obras) | B36: L | C36: =CONCATENATE(A36,"-",B36) -> Fornecimento de Materiais e Equipamentos (aquisição indireta - em conjunto com licitação de obras)-L | E36: 0.035 | F36: 0.0511 | G36: 0.0622 | I36: F | N36: (1-CP-ISS-CRPB)
A37: =A36 -> Fornecimento de Materiais e Equipamentos (aquisição indireta - em conjunto com licitação de obras) | B37: BDI PAD | C37: =CONCATENATE(A37,"-",B37) -> Fornecimento de Materiais e Equipamentos (aquisição indireta - em conjunto com licitação de obras)-BDI PAD | E37: 0.111 | F37: 0.1402 | G37: 0.168 | I37: F
A38: Fornecimento de Materiais e Equipamentos (aquisição direta) | B38: AC | C38: =CONCATENATE(A38,"-",B38) -> Fornecimento de Materiais e Equipamentos (aquisição direta)-AC | E38: - | F38: - | G38: - | I38: F | J38: =CONCATENATE("Declaro para os devidos fins que, conforme legislação tributária municipal, a base de cálculo deste tipo de obra corresponde à ",$R$10*100,"%, com a respectiva alíquota de ",$R$11*100,"%.") -> Declaro para os devidos fins que, conforme legislação tributária municipal, a base de cálculo deste tipo de obra corresponde à 100%, com a respectiva alíquota de 2%.
A39: Fornecimento de Materiais e Equipamentos (aquisição direta) | B39: SG | C39: =CONCATENATE(A39,"-",B39) -> Fornecimento de Materiais e Equipamentos (aquisição direta)-SG | E39: - | F39: - | G39: - | I39: F
A40: Fornecimento de Materiais e Equipamentos (aquisição direta) | B40: R | C40: =CONCATENATE(A40,"-",B40) -> Fornecimento de Materiais e Equipamentos (aquisição direta)-R | E40: - | F40: - | G40: - | I40: F | J40: "Declaro para os devidos fins que o regime de Contribuição Previdenciária sobre a Receita Bruta adotado para elaboração do orçamento foi COM Desoneração, e que esta é a alternativa mais adequada para a Administração Pública."
A41: Fornecimento de Materiais e Equipamentos (aquisição direta) | B41: DF | C41: =CONCATENATE(A41,"-",B41) -> Fornecimento de Materiais e Equipamentos (aquisição direta)-DF | E41: - | F41: - | G41: - | I41: F
A42: Fornecimento de Materiais e Equipamentos (aquisição direta) | B42: L | C42: =CONCATENATE(A42,"-",B42) -> Fornecimento de Materiais e Equipamentos (aquisição direta)-L | E42: - | F42: - | G42: - | I42: F | J42: Observações:
A43: Fornecimento de Materiais e Equipamentos (aquisição direta) | B43: BDI PAD | C43: =CONCATENATE(A43,"-",B43) -> Fornecimento de Materiais e Equipamentos (aquisição direta)-BDI PAD | E43: - | F43: - | G43: - | I43: F
A44: Estudos e Projetos, Planos e Gerenciamento e outros correlatos | B44: K1 | C44: =CONCATENATE(A44,"-",B44) -> Estudos e Projetos, Planos e Gerenciamento e outros correlatos-K1 | E44: - | F44: - | G44: - | I44: F
A45: =A44 -> Estudos e Projetos, Planos e Gerenciamento e outros correlatos | B45: K2 | C45: =CONCATENATE(A45,"-",B45) -> Estudos e Projetos, Planos e Gerenciamento e outros correlatos-K2 | E45: - | F45: 0.2 | G45: - | I45: F | J45: =Import.Município -> CAPETINGA | P45: 46083
A46: =A45 -> Estudos e Projetos, Planos e Gerenciamento e outros correlatos | C46: =CONCATENATE(A46,"-",B46) -> Estudos e Projetos, Planos e Gerenciamento e outros correlatos- | E46: - | F46: - | G46: - | I46: F | J46: Local | P46: Data
A47: =A46 -> Estudos e Projetos, Planos e Gerenciamento e outros correlatos | C47: =CONCATENATE(A47,"-",B47) -> Estudos e Projetos, Planos e Gerenciamento e outros correlatos- | E47: - | F47: - | G47: - | I47: F
A48: =A47 -> Estudos e Projetos, Planos e Gerenciamento e outros correlatos | B48: K3 | C48: =CONCATENATE(A48,"-",B48) -> Estudos e Projetos, Planos e Gerenciamento e outros correlatos-K3 | E48: - | F48: 0.12 | G48: - | I48: F
A49: =A48 -> Estudos e Projetos, Planos e Gerenciamento e outros correlatos | B49: BDI PAD | C49: =CONCATENATE(A49,"-",B49) -> Estudos e Projetos, Planos e Gerenciamento e outros correlatos-BDI PAD | E49: - | F49: - | G49: - | I49: F | J49: Responsável Técnico
I50: F | J50: Nome: | K50: {=Import.RespOrçamento} -> LUCAS CUSTODIO DE LIMA CAMPOS
I51: F | J51: CREA/CAU: | K51: 2415/47
I52: F | J52: ART/RRT: | K52: 0
I53: F
I54: =IF($S$69=0,"","F") | J54: BDI 2
I55: =IF($S$69=0,"","F")
I56: =IF($S$69=0,"","F") | J56: TIPO DE OBRA
I57: =IF($S$69=0,"","F") | J57: (SELECIONAR)
I58: =IF($S$69=0,"","F")
I59: =IF($S$69=0,"","F") | J59: Itens | R59: Siglas | S59: % Adotado | U59: Situação | X59: 1º Quartil | Y59: Médio | Z59: 3º Quartil
I60: =IF($S$69=0,"","F")
I61: =IF($S$69=0,"","F") | J61: =IF($J$57=$A$146,"Encargos Sociais incidentes sobre a mão de obra","Administração Central") -> Administração Central | R61: =IF($J57=$A$146,"K1","AC") -> AC | T61: =IF(AND($U$54<>"",$U$57="",R61<>"",S61=""),"◄","") | U61: =IFERROR(IF(T61="◄","FALTA PREENCHER",IF(AND(OR(S61>=X61,X61="-"),OR(S61<=Z61,Z61="-")),"OK","FORA DO INTERVALO")),"-") -> - | X61: =VLOOKUP(CONCATENATE(J57,"-",R61),$C$2:$G$136,3,FALSE) -> #N/A | Y61: =VLOOKUP(CONCATENATE(J57,"-",R61),$C$2:$G$136,4,FALSE) -> #N/A | Z61: =VLOOKUP(CONCATENATE(J57,"-",R61),$C$2:$G$136,5,FALSE) -> #N/A
I62: =IF($S$69=0,"","F") | J62: =IF($J$57=$A$146,"Administração Central da empresa ou consultoria - overhead","Seguro e Garantia") -> Seguro e Garantia | R62: =IF($J57=$A$146,"K2","SG") -> SG | T62: =IF(AND($U$54<>"",$U$57="",R62<>"",S62=""),"◄","") | U62: =IFERROR(IF(T62="◄","FALTA PREENCHER",IF(AND(OR(S62>=X62,X62="-"),OR(S62<=Z62,Z62="-")),"OK","FORA DO INTERVALO")),"-") -> - | X62: =VLOOKUP(CONCATENATE(J57,"-",R62),$C$2:$G$136,3,FALSE) -> #N/A | Y62: =VLOOKUP(CONCATENATE(J57,"-",R62),$C$2:$G$136,4,FALSE) -> #N/A | Z62: =VLOOKUP(CONCATENATE(J57,"-",R62),$C$2:$G$136,5,FALSE) -> #N/A
I63: =IF($S$69=0,"","F") | J63: Risco | R63: =IF($J57=$A$146,"","R") -> R | T63: =IF(AND($U$54<>"",$U$57="",R63<>"",S63=""),"◄","") | U63: =IFERROR(IF(T63="◄","FALTA PREENCHER",IF(AND(OR(S63>=X63,X63="-"),OR(S63<=Z63,Z63="-")),"OK","FORA DO INTERVALO")),"-") -> - | X63: =VLOOKUP(CONCATENATE(J57,"-",R63),$C$2:$G$136,3,FALSE) -> #N/A | Y63: =VLOOKUP(CONCATENATE(J57,"-",R63),$C$2:$G$136,4,FALSE) -> #N/A | Z63: =VLOOKUP(CONCATENATE(J57,"-",R63),$C$2:$G$136,5,FALSE) -> #N/A
I64: =IF($S$69=0,"","F") | J64: Despesas Financeiras | R64: =IF($J57=$A$146,"","DF") -> DF | T64: =IF(AND($U$54<>"",$U$57="",R64<>"",S64=""),"◄","") | U64: =IFERROR(IF(T64="◄","FALTA PREENCHER",IF(AND(OR(S64>=X64,X64="-"),OR(S64<=Z64,Z64="-")),"OK","FORA DO INTERVALO")),"-") -> - | X64: =VLOOKUP(CONCATENATE(J57,"-",R64),$C$2:$G$136,3,FALSE) -> #N/A | Y64: =VLOOKUP(CONCATENATE(J57,"-",R64),$C$2:$G$136,4,FALSE) -> #N/A | Z64: =VLOOKUP(CONCATENATE(J57,"-",R64),$C$2:$G$136,5,FALSE) -> #N/A
I65: =IF($S$69=0,"","F") | J65: =IF($J$57=$A$146,"Margem bruta da empresa de consultoria","Lucro") -> Lucro | R65: =IF($J57=$A$146,"K3","L") -> L | T65: =IF(AND($U$54<>"",$U$57="",R65<>"",S65=""),"◄","") | U65: =IFERROR(IF(T65="◄","FALTA PREENCHER",IF(AND(OR(S65>=X65,X65="-"),OR(S65<=Z65,Z65="-")),"OK","FORA DO INTERVALO")),"-") -> - | X65: =VLOOKUP(CONCATENATE(J57,"-",R65),$C$2:$G$136,3,FALSE) -> #N/A | Y65: =VLOOKUP(CONCATENATE(J57,"-",R65),$C$2:$G$136,4,FALSE) -> #N/A | Z65: =VLOOKUP(CONCATENATE(J57,"-",R65),$C$2:$G$136,5,FALSE) -> #N/A
I66: =IF($S$69=0,"","F") | J66: Tributos (impostos COFINS 3%, e PIS 0,65%) | R66: CP | T66: =IF(AND($U$54<>"",$U$57="",R66<>"",S66=""),"◄","") | U66: =IFERROR(IF(T66="◄","FALTA PREENCHER",IF(AND(OR(S66>=X66,X66="-"),OR(S66<=Z66,Z66="-")),"OK","FORA DO INTERVALO")),"-") -> FORA DO INTERVALO | X66: =Y66 -> 0.0365 | Y66: =IF($J57=$A$145,"-",3.65%) -> 0.0365 | Z66: =Y66 -> 0.0365
I67: =IF($S$69=0,"","F") | J67: Tributos (ISS, variável de acordo com o município) | R67: ISS | S67: =IF(AND($J57<>$A$145,COUNTA(OFFSET(S60,1,0,6))>0),$R$11*$R$10,0) -> 0 | U67: =IFERROR(IF(T67="◄","FALTA PREENCHER",IF(AND(OR(S67>=X67,X67="-"),OR(S67<=Z67,Z67="-")),"OK","FORA DO INTERVALO")),"-") -> OK | X67: 0 | Y67: 0.025 | Z67: 0.05
I68: =IF($S$69=0,"","F") | J68: Tributos (Contribuição Previdenciária sobre a Receita Bruta - Lei 12.546 de 14/12/2011 - Desoneração) | R68: CPRB | S68: {=IF(BDI.Opcao<>"Desonerado",0,IF(AND($J57<>$A$145,COUNTA(OFFSET(S60,1,0,6))>0),IF(YEAR(Import.DataBase)<2025,4.5%,IF(YEAR(Import.DataBase)=2025,3.6%,IF(YEAR(Import.DataBase)=2026,2.7%,IF(YEAR(Import.DataBase)=2027,1.8%,0%)))),0%))} -> 0 | U68: =IFERROR(IF(T68="◄","FALTA PREENCHER",IF(AND(OR(S68>=X68,X68="-"),OR(S68<=Z68,Z68="-")),"OK","FORA DO INTERVALO")),"-") -> OK | X68: =$S68 -> 0 | Y68: =$S68 -> 0 | Z68: =$S68 -> 0
I69: =IF($S$69=0,"","F") | J69: BDI SEM desoneração (Fórmula Acórdão TCU) | R69: BDI PAD | S69: =IF($J57=$A$145,0,ROUND((((1+S61+S62+S63)*(1+S64)*(1+S65)/(1-(S66+S67)))-1),4)) -> 0 | U69: =IFERROR(IF(AND(OR(S69>=X69,X69="-"),OR(S69<=Z69,Z69="-")),"OK","FORA DO INTERVALO"),IF(S69=0,"OK","Selecione o Tipo de obra")) -> OK | X69: =IF($J57=$A$145,0,VLOOKUP(CONCATENATE($J57,"-",$R69),$C$2:$G$136,3,FALSE)) -> #N/A | Y69: =IF($J57=$A$145,0,VLOOKUP(CONCATENATE($J57,"-",$R69),$C$2:$G$136,4,FALSE)) -> #N/A | Z69: =IF($J57=$A$145,0,VLOOKUP(CONCATENATE($J57,"-",$R69),$C$2:$G$136,5,FALSE)) -> #N/A
I70: =IF($S$69=0,"","F") | J70: BDI COM desoneração | R70: BDI DES | S70: =IF($J57=$A$145,0,ROUND((((1+S61+S62+S63)*(1+S64)*(1+S65)/(1-(S66+S67+S68)))-1),4)) -> 0
I71: =IF($S$69=0,"","F")
I72: =IF($S$69=0,"","F") | J72: =IF(U69<>"ok","X","") | K72: =IF(U69<>"ok","Anexo: Relatório Técnico Circunstanciado justificando a adoção do percentual de cada parcela do BDI.","")
I73: =IF($S$69=0,"","F")
I74: =IF($S$69=0,"","F") | J74: Os valores de BDI foram calculados com o emprego da fórmula:
I75: =IF($S$69=0,"","F") | M75: BDI = | N75: =IF($J57=$A$146,"(1+K1+K2)*(1+K3)","(1+AC + S + R + G)*(1 + DF)*(1+L)") -> (1+AC + S + R + G)*(1 + DF)*(1+L) | Q75: - 1
I76: =IF($S$69=0,"","F") | N76: (1-CP-ISS-CRPB)
I77: =IF($S$69=0,"","F")
I78: =IF($S$69=0,"","F") | J78: =CONCATENATE("Declaro para os devidos fins que, conforme legislação tributária municipal, a base de cálculo deste tipo de obra corresponde à ",$R$10*100,"%, com a respectiva alíquota de ",$R$11*100,"%.") -> Declaro para os devidos fins que, conforme legislação tributária municipal, a base de cálculo deste tipo de obra corresponde à 100%, com a respectiva alíquota de 2%.
I79: =IF($S$69=0,"","F")
I80: =IF($S$69=0,"","F") | J80: "Declaro para os devidos fins que o regime de Contribuição Previdenciária sobre a Receita Bruta adotado para elaboração do orçamento foi COM Desoneração, e que esta é a alternativa mais adequada para a Administração Pública."
I81: =IF($S$69=0,"","F")
I82: =IF($S$69=0,"","F") | J82: Observações:
I83: =IF($S$69=0,"","F")
I84: =IF($S$69=0,"","F")
I85: =IF($S$69=0,"","F") | J85: =Import.Município -> CAPETINGA | P85: =[1]DADOS!$C$25 -> 46080
I86: =IF($S$69=0,"","F") | J86: Local | P86: Data
I87: =IF($S$69=0,"","F")
I88: =IF($S$69=0,"","F")
I89: =IF($S$69=0,"","F") | J89: Responsável Técnico
I90: =IF($S$69=0,"","F") | J90: Nome: | K90: {=Import.RespOrçamento} -> LUCAS CUSTODIO DE LIMA CAMPOS
I91: =IF($S$69=0,"","F") | J91: CREA/CAU: | K91: 2415/47
I92: =IF($S$69=0,"","F") | J92: ART/RRT: | K92: 0
I93: =IF($S$69=0,"","F")
I94: =IF($S$109=0,"","F") | J94: BDI 3
I95: =IF($S$109=0,"","F")
I96: =IF($S$109=0,"","F") | J96: TIPO DE OBRA
I97: =IF($S$109=0,"","F") | J97: (SELECIONAR)
I98: =IF($S$109=0,"","F")
I99: =IF($S$109=0,"","F") | J99: Itens | R99: Siglas | S99: % Adotado | U99: Situação | X99: 1º Quartil | Y99: Médio | Z99: 3º Quartil
I100: =IF($S$109=0,"","F")
...
